 Dungeon Crawl Stone Soup version 0.19.1-1-g22dce08 (webtiles) character file.

19 Kiturien the Stinger (level 2, 0/17 HPs)
             Began as an Octopode Venom Mage on Jan 16, 2017.
             Succumbed to an adder's poison
             ... on level 2 of the Dungeon.
             The game lasted 00:02:44 (1472 turns).

Kiturien the Stinger (Octopode Venom Mage)          Turns: 1472, Time: 00:02:45

Health: 0/17       AC:  1    Str:  7    XL:     2   Next: 75%
Magic:  5/5        EV: 13    Int: 17    God:
Gold:   82         SH:  0    Dex: 12    Spells: 1 memorised, 4 levels left

rFire  . . .     SeeInvis .     c - +0 dagger
rCold  . . .     Gourm    .     (no shield)
rNeg   . . .     Faith    .     (helmet restricted)
rPois  .         Spirit   .     (no amulet)
rElec  .         Reflect  .     (no ring)
rCorr  .         Harm     .     (no ring)
MR     .....                    (no ring)
Stlth  +++.......               (no ring)
                                (no ring)
                                (no ring)
                                (no ring)
                                (no ring)

@: lethally poisoned (0 -> -7)
A: almost no armour, stealthy swim, amphibious, 8 rings, constrict 8, camouflage
1, gelatinous body 1
a: no special abilities


You were on level 2 of the Dungeon.
You were not hungry.

You visited 1 branch of the dungeon, and saw 2 of its levels.

You collected 82 gold pieces.

Inventory:

Hand Weapons
 c - a +0 dagger (weapon)
Missiles
 i - 15 poisoned needles
Jewellery
 e - an uncursed ring of stealth {unknown}
Scrolls
 f - a scroll of identify {unknown}
Potions
 d - a potion of heal wounds {unknown}
 h - 2 potions of degeneration {unknown}
Books
 a - a Young Poisoner's Handbook

   Spells                             Type                      Level
   a - Sting                          Conjuration/Poison           1
   b - Mephitic Cloud                 Conjuration/Poison/Air       3
   c - Olgreb's Toxic Radiance        Poison                       4
   d - Alistair's Intoxication        Transmutation/Poison         5
   e - Venom Bolt                     Conjuration/Poison           5
Comestibles
 b - 2 bread rations
 g - a meat ration


   Skills:
 * Level 0.2 Fighting
 + Level 0.2 Short Blades
 + Level 2.0 Dodging
 + Level 3.1 Stealth
 + Level 2.0 Spellcasting
 + Level 5.3 Poison Magic


You had 4 spell levels left.
You knew the following spells:

 Your Spells              Type           Power        Failure   Level  Hunger
a - Sting                 Conj/Pois      ##..         10%         1    #......


Dungeon Overview and Level Annotations

Branches:
Dungeon (2/15)

Altars:


Innate Abilities, Weirdness & Mutations

You cannot wear most types of armour.
You are very stealthy in the water. (Stealth+)
You are amphibious.
You can wear up to eight rings at the same time.
You can use your tentacles to constrict eight enemies at once.
Your skin changes colour to match your surroundings (Stealth+).
Your rubbery body absorbs attacks. (AC +1, EV +1)


Message History

You constrict the adder.
You feel sick. The adder barely misses you. The hobgoblin closely misses you.
You hit the adder but do no damage.
The adder is moderately wounded.
You constrict the adder. The adder bites you.
* * * LOW HITPOINT WARNING * * *
The hobgoblin misses you. The adder closely misses you.
You release your grip on the adder.
* * * LOW HITPOINT WARNING * * *
You feel sick.
* * * LOW HITPOINT WARNING * * *
You feel sick. The adder closely misses you.
* * * LOW HITPOINT WARNING * * *
You feel sick.
Found a runed mace.
You see here a bread ration.
A worm comes into view.
The adder bites you but does no damage.
You die...

###.....##
#........+
#.#...?.##
#.#.....#
# #..#..#
#.#..#..#
#..gS...#
####.####
#@#
#....>.#
#.#.##.#
#.#.# # #
#)# #..
w.. ###


You could see a worm (sleeping), an adder and a hobgoblin.

Vanquished Creatures
  2 leopard geckos (D:1)
  A bat (D:1)
  A giant cockroach (D:2)
  2 goblins (D:1)
  A hobgoblin (D:1)
  A ball python (D:1)
  6 frilled lizards
  2 kobolds (D:1)
  2 rats (D:1)
18 creatures vanquished.

Vanquished Creatures (others)
  A fungus (D:1)
1 creature vanquished.

Grand Total: 19 creatures vanquished

Notes
Turn   | Place    | Note
-------+----------+-------------------------------------------
     0 | D:1      | Kiturien the Octopode Venom Mage began the quest for the Orb.
     0 | D:1      | Reached XP level 1. HP: 11/11 MP: 3/3
    79 | D:1      | Reached skill level 5 in Poison Magic
   139 | D:1      | Reached XP level 2. HP: 15/17 MP: 5/5
  1472 | D:2      | Succumbed to an adder's poison

Skill      XL: |  1  2 |
---------------+-------+-----
Poison Magic   | 5 |  5.3
Stealth        | 3 |  3.1
Fighting       | |  0.2
Short Blades   | |  0.2
Dodging        | |  2.0
Spellcasting   | |  2.0

Action                   || total
-------------------------++-------
Melee: Unarmed           ||    17
       Tentacles         ||     8
       Constrict         ||    13
       Dagger            ||    39
 Stab: Sleeping          ||     5
  Eat: Bread ration      ||     1
Armor: Skin              ||     5
Dodge: Dodged            ||    37
